 Dungeon Crawl Stone Soup version 0.28-a0-691-gad6df49e81 (webtiles) character file.

Game seed: 17410212029148066484

16370 rogsnak the Zephyrmancer (level 12, 0/85 HPs)
             Began as a Red Draconian Air Elementalist on Oct 22, 2021.
             Was an Elder of Sif Muna.
             Slain by a centaur warrior (2 damage)
             ... on level 10 of the Dungeon.
             The game lasted 00:35:42 (15004 turns).

rogsnak the Zephyrmancer (DrAE)                    Turns: 15004, Time: 00:35:43

Health: 0/85       AC: 15    Str: 10    XL:     12   Next: 9%
Magic:  3/27       EV: 17    Int: 21    God:    Sif Muna [****..]
Gold:   581        SH:  5    Dex: 12    Spells: 22/33 levels left

rFire   + . .      SeeInvis .   s - +3 dagger (elec)
rCold   . . .      Faith    .   (no shield)
rNeg    . . .      Spirit   .   (armour unavailable)
rPois   .          Reflect  +   (helmet restricted)
rElec   .          Harm     .   o - +0 cloak
rCorr   .          Rampage  .   C - +1 pair of gloves
Will    .....                   (no boots)
Stlth   ++........              S - amulet of reflection
HPRegen 0.24/turn               L - +4 ring of evasion
MPRegen 0.20/turn               x - +4 ring of protection

@: short of breath, studying Polearms
A: breathe fire, AC +8, unfitting armour, fire resistance 1, cold-blooded
a: Breathe Fire, Renounce Religion, Channel Magic, Forget Spell, Divine Exegesis


You were on level 10 of the Dungeon.
You worshipped Sif Muna.
Sif Muna was greatly pleased with you.
You visited 1 branch of the dungeon, and saw 10 of its levels.

You collected 581 gold pieces.

Inventory:

Hand Weapons
 c - a +0 mace
 d - a +1 short sword of venom
 n - a +3 quarterstaff of chaos
 s - a +3 dagger of electrocution (weapon)
 v - a +3 vorpal war axe
 R - a +1 rapier of venom
Missiles
 t - 29 poisoned darts
 J - 2 javelins (quivered)
Armour
 o - a +0 cloak (worn)
 C - a +1 pair of gloves (worn)
Magical Staves
 i - a staff of air
 u - a staff of earth
 M - a staff of cold
Jewellery
 q - a +6 ring of dexterity
 x - a +4 ring of protection (right hand)
 y - a ring of resist corrosion
 F - a +6 ring of strength
 L - a +4 ring of evasion (left hand)
 S - an amulet of reflection (around neck)
Wands
 G - a wand of flame (41)
 Q - a wand of iceblast (9)
Scrolls
 f - 2 scrolls of magic mapping
 g - a scroll of vulnerability
 h - a scroll of blinking
 j - a scroll of fog {unknown}
 l - 2 scrolls of summoning
 m - 2 scrolls of noise
 r - a scroll of enchant armour
 w - a scroll of torment
 z - 4 scrolls of identify
 B - a scroll of amnesia
 E - 2 scrolls of teleportation
Potions
 a - 2 potions of curing {unknown}
 b - 2 potions of berserk rage {unknown}
 e - 3 potions of mutation {unknown}
 k - 4 potions of heal wounds {unknown}
 p - a potion of haste {unknown}
 A - 2 potions of attraction {unknown}
 D - 2 potions of might {unknown}
 H - a potion of resistance {unknown}
 K - a potion of ambrosia {unknown}
 O - 2 potions of cancellation {unknown}


   Skills:
 + Level 1.9 Fighting
 + Level 4.5 Dodging
 - Level 2.0 Stealth
 + Level 0.3 Shields
 + Level 11.1 Spellcasting
 * Level 10.1 Conjurations
 + Level 11.9 Air Magic
 + Level 0.1 Earth Magic


You had 22 spell levels left.
You knew the following spells:

 Your Spells              Type           Power      Damage    Failure   Level
a - Shock                 Conj/Air       100%       1d9       1%          1
b - Swiftness             Air            58%        N/A       1%          3
c - Airstrike             Air            29%        N/A       1%          4
d - Stone Arrow           Conj/Erth      66%        3d11      1%          3

Your spell library contained the following spells:

 Spells                   Type           Power      Damage    Failure   Level
 Static Discharge         Conj/Air       55%        N/A       1%          2
 Lehudib's Crystal Spear  Conj/Erth      16%        10d5      100%        8
 Animate Armour           Summ/Erth      Unusable   N/A       N/A         4

Dungeon Overview and Level Annotations

Branches:
Dungeon (10/15)            Temple (0/1) D:5            Lair (0/6) D:8
    Orc (0/2) D:10

Altars:
Dithmenos
Gozag
Kikubaaqudgha
Makhleb
Nemelex Xobeh
Okawaru
Sif Muna
Trog
Uskayaw
Vehumet
Wu Jian
Zin
The Shining One

Shops:
D:1 [   D:4 !   D:7 *   D:10 (


Innate Abilities, Weirdness & Mutations

You can breathe blasts of fire.
Your fiery red scales are hard. (AC +8)
You cannot fit into any form of body armour.
Your flesh is heat resistant. (rF+)
You are cold-blooded and may be slowed by cold attacks.


Message History

You closely miss the centaur warrior.
The centaur warrior is almost dead.
The centaur warrior hits you! The centaur warrior barely misses you.
You block the centaur warrior's attack. The centaur warrior kicks you.
Casting: Airstrike (safe; 1% risk of failure)
Confirm with . or Enter, or press ? or * to list all spells.
Aiming: Airstrike (safe; 1% risk of failure)
Press: ? - help, Dir - move target, f - centaur warrior
Aim: a centaur warrior, wearing +0 fire dragon scales and quivering arrows (almost dead, empty space bonus: 5/8)
The air twists around and strikes the centaur warrior.
The centaur warrior is almost dead.
The centaur warrior hits you but does no damage.
The centaur warrior misses you.
Casting: Airstrike (safe; 1% risk of failure)
Confirm with . or Enter, or press ? or * to list all spells.
Aiming: Shock (safe; 1% risk of failure)
Press: ? - help, Shift-Dir - straight line, f/p - centaur warrior
Aim: a centaur warrior, wearing +0 fire dragon scales and quivering arrows (almost dead, 84% to hit)
Okay, then.
You hit the centaur warrior but do no damage.
The centaur warrior is almost dead.
The centaur warrior hits you. The centaur warrior closely misses you.
The centaur warrior hits you!
* * * LOW HITPOINT WARNING * * *
The centaur warrior kicks you but does no damage.
Unknown command.
You barely miss the centaur warrior.
The centaur warrior is almost dead.
The centaur warrior hits you!
* * * LOW HITPOINT WARNING * * *
The centaur warrior kicks you but does no damage.
Unknown command.
Okay, then.
You hit the centaur warrior but do no damage.
The centaur warrior is almost dead.
The centaur warrior hits you!
* * * LOW HITPOINT WARNING * * *
The centaur warrior completely misses you.
The centaur warrior hits you.
You die...

#.,,,,* #..#####)#.##..# #.*****
##..##..#.#....## * ###'#*
#####.##.#..#.##....#
#*##....####....####.....##....##
.##......##......##......#......#
....,,#....)..#.......#.........#
O...**##....####....####.........
....####....####))..####.........
.....#...o...#.c@..).#...........
.*#......##......##......#.......
####....####....####....##.......
........###..##..................
..........#..####................
..#≈##....#..## ##.###...........
###≈≈#≈#......#*#..# ###.#.......
#≈≈≈≈≈≈#..##...##.## #..#.......
≈≈#≈≈#≈##.######### #############


You could see a centaur warrior.

Vanquished Creatures
  An ogre mage (D:10)
  3 two-headed ogres (D:10)
  Pikel (D:8)
  2 wolf spider zombies (D:8)
  An ugly thing (D:10)
  2 gargoyles
  2 kobold demonologists (D:10)
  2 unseen horrors
  2 hellwings (D:8)
  3 trolls
  A hornet (D:10)
  A wraith (D:10)
  2 wyverns
  14 yaks
  A steam dragon (D:9)
  An acid dragon (D:8)
  A water moccasin (D:7)
  7 orc warriors
  A hornet zombie (D:9)
  A necrophage (D:4)
  An ice beast (D:8)
  An ogre (D:7)
  2 centaurs (D:10)
  2 phantoms
  2 kobold brigands
  6 bullfrogs
  3 scorpions
  13 killer bees
  4 howler monkeys
  12 wights
  6 centaur zombies
  5 hounds
  7 orc priests
  A gnoll shaman (D:6)
  A bullfrog skeleton (D:6)
  3 centaur skeletons
  3 iguanas
  Crazy Yiuf (D:3)
  5 orc wizards
  A killer bee zombie (D:9)
  4 gnolls (D:6)
  10 adders
  6 shadow imps
  2 ufetubi
  A worm (D:3)
  5 dart slugs
  34 orcs
  5 ball pythons
  5 endoplasms
  5 giant cockroaches
  5 hobgoblins
  3 jackals (D:4)
  2 quokkas
  6 bats
  4 goblins
  22 kobolds
  5 rats
252 creatures vanquished.

Vanquished Creatures (collateral kills)
  A yak (D:10)
  An orc warrior (D:10)
  A howler monkey (D:10)
3 creatures vanquished.

Vanquished Creatures (others)
  4 withered plants (D:8)
4 creatures vanquished.

Grand Total: 259 creatures vanquished

Notes
Turn   | Place    | Note
-------+----------+-------------------------------------------
     0 | D:1      | rogsnak the Draconian Air Elementalist began the quest for
                  | the Orb.
     0 | D:1      | Reached XP level 1. HP: 14/14 MP: 3/3
   466 | D:1      | Reached XP level 2. HP: 20/20 MP: 3/5
   563 | D:1      | Found Kiygid's Antique Armour Emporium.
  1098 | D:2      | Reached XP level 3. HP: 26/26 MP: 1/6
  2229 | D:3      | Reached XP level 4. HP: 33/33 MP: 0/7
  2233 | D:3      | Learned a level 3 spell: Swiftness
  3137 | D:3      | Found a runed translucent door.
  3143 | D:3      | Learned a level 4 spell: Airstrike
  3143 | D:3      | Noticed Crazy Yiuf
  3156 | D:3      | Killed Crazy Yiuf
  3395 | D:4      | Noticed a scorpion
  3398 | D:4      | Killed a scorpion
  3399 | D:4      | Reached XP level 5. HP: 38/38 MP: 4/9
  3448 | D:4      | Found Ahuabop's Distillery.
  3833 | D:4      | Reached XP level 6. HP: 45/45 MP: 7/10
  4531 | D:5      | Entered Level 5 of the Dungeon
  4531 | D:5      | Noticed a wyvern
  4626 | D:5      | Found an opulent altar of Gozag.
  4833 | D:5      | Your scales start taking on a fiery red colour.
  4833 | D:5      | Reached XP level 7. HP: 50/50 MP: 8/13
  4833 | D:5      | Gained mutation: Your flesh is heat resistant. (rF+) [Red
                  | Draconian growth]
  4873 | D:5      | Found a glowing golden altar of the Shining One.
  4873 | D:5      | Found a bloodstained altar of Trog.
  4901 | D:5      | Killed a wyvern
  4902 | D:5      | Reached skill level 5 in Air Magic
  4941 | D:5      | Found a shimmering blue altar of Sif Muna.
  4942 | D:5      | Found a hide-covered altar of Uskayaw.
  4948 | D:5      | Became a worshipper of Sif Muna the Loreminder
  5016 | D:5      | Reached skill level 5 in Conjurations
  5541 | D:5      | Found a staircase to the Ecumenical Temple.
  5669 | D:6      | Reached skill level 5 in Spellcasting
  5854 | D:6      | Reached XP level 8. HP: 51/58 MP: 7/15
  5876 | D:6      | Noticed a troll
  5919 | D:6      | Killed a troll
  6333 | D:6      | Reached * piety under Sif Muna
  7314 | D:7      | Reached XP level 9. HP: 63/63 MP: 12/18
  7554 | D:7      | Reached ** piety under Sif Muna
  7712 | D:7      | Noticed a gargoyle
  7715 | D:7      | Killed a gargoyle
  7787 | D:7      | Found an iron altar of Okawaru.
  7853 | D:7      | Found an ancient bone altar of Kikubaaqudgha.
  7933 | D:7      | Found Yski's Serpentskin Sales.
  8156 | D:8      | Reached skill level 1 in Fighting
  8341 | D:8      | Noticed a hellwing
  8810 | D:8      | Reached XP level 10. HP: 69/71 MP: 7/21
 10003 | D:8      | Noticed Pikel
 10006 | D:8      | Killed Pikel
 10006 | D:8      | Reached *** piety under Sif Muna
 10194 | D:8      | Found a staircase to the Lair.
 10828 | D:8      | Reached skill level 10 in Air Magic
 10828 | D:8      | Reached XP level 11. HP: 79/79 MP: 8/24
 10924 | D:8      | Found a radiant altar of Vehumet.
 11986 | D:9      | Reached skill level 10 in Spellcasting
 12379 | D:9      | Found a faded altar of an unknown god.
 12379 | D:9      | Found a glowing silver altar of Zin.
 12386 | D:9      | Found a burning altar of Makhleb.
 12388 | D:9      | Found a sparkling altar of Nemelex Xobeh.
 12390 | D:9      | Found a faded altar of an unknown god.
 12472 | D:10     | Entered Level 10 of the Dungeon
 12473 | D:10     | Found Nucw's Antique Weapon Boutique.
 12494 | D:10     | Reached **** piety under Sif Muna
 12815 | D:10     | Noticed a two-headed ogre
 12836 | D:10     | Noticed a two-headed ogre
 12850 | D:10     | Identified a scroll of acquirement
 13188 | D:10     | Acquired a book of Armaments
 13196 | D:10     | Learned a level 3 spell: Stone Arrow
 13210 | D:10     | Found a shadowy altar of Dithmenos.
 13602 | D:10     | Killed a two-headed ogre
 13810 | D:10     | Found an ornate altar of the Wu Jian Council.
 13935 | D:10     | Noticed a red ugly thing
 13941 | D:10     | Killed a red ugly thing
 14656 | D:10     | Found a staircase to the Orcish Mines.
 14731 | D:10     | Killed a two-headed ogre
 14732 | D:10     | Reached skill level 10 in Conjurations
 14745 | D:10     | Noticed a two-headed ogre
 14826 | D:10     | Killed a two-headed ogre
 14827 | D:10     | Reached XP level 12. HP: 85/85 MP: 10/27
 14963 | D:10     | Noticed an ogre mage
 14967 | D:10     | Killed an ogre mage
 14984 | D:10     | Noticed a centaur warrior
 15004 | D:10     | HP: 2/85 [centaur warrior (8)]
 15004 | D:10     | Slain by a centaur warrior

Illustrated notes

Levels and vault maps discovered:
D:1:      dpeg_arrival_lava_altar, layout_basic, serial_shops,
          nicolae_shop_stone
D:2:      layout_basic, amcnicky_mini_pool_small
D:3:      layout_loops_cross, uniq_crazy_yiuf_cottage
D:4:      layout_basic, serial_shops, kennysheep_mini_moat, minmay_checkerbox
D:5:      layout_gridville, mainiacjoe_overflow_concentric_impassable,
          chequers_temple_overflow_statue_of_worship,
          gammafunk_temple_overflow_elements, minmay_temple_entry_nine_rooms
D:6:      layout_loops_ring
D:7:      layout_loops_ring, mainiacjoe_overflow_chevrons,
          mainiacjoe_overflow_cross_hatched, guppyfry_shop_venom
D:8:      cheibrodos_grave_circle, layout_cave_pools, vehumet_crystals,
          lair_entry_dummy, uniq_pikel
D:9:      minmay_skewed_foursquare, layout_rooms,
          chequers_temple_overflow_minitemple
D:10:     wad_guarded_room, layout_layer_cave, overflow_temple_1_default,
          grunt_dithmenos_smoke, david_orc_4, serial_shops, shop, minivault_4

Skill      XL: |  1  2  3  4  5  6  7  8  9 10 11 |
---------------+----------------------------------+-----
Conjurations   | 2 3 4 5 7 9 10 | 10.1
Air Magic      | 4 5 6 8 10 11 | 11.9
Dodging        | 2 3 4 |  4.5
Stealth        | 2 |  2.0
Spellcasting   | 3 4 5 6 7 9 11 | 11.1
Fighting       | 1 |  1.9
Shields        | |  0.3
Earth Magic    | |  0.1

Action                   |  1- 3 |  4- 6 |  7- 9 | 10-12 || total
-------------------------+-------+-------+-------+-------++-------
Melee: Mace              |     3 |       |     1 |       ||     4
       Unarmed           |     2 |       |       |       ||     2
       Short sword       |    10 |     7 |       |     2 ||    19
       Staff             |       |     8 |     8 |    27 ||    43
       Tailslap          |       |     4 |     3 |     5 ||    12
       Dagger            |       |       |     3 |    40 ||    43
Throw: Javelin           |       |       |     2 |       ||     2
 Cast: Shock             |    68 |   103 |   210 |    95 ||   476
       Airstrike         |       |       |    16 |   153 ||   169
       Stone Arrow       |       |       |       |     5 ||     5
       Swiftness         |       |       |       |     1 ||     1
 Abil: Breathe Fire      |       |       |    11 |    11 ||    22
  Use: Scroll            |       |       |       |    14 ||    14
Armor: Skin              |     3 |    17 |    72 |   101 ||   193
Dodge: Dodged            |     6 |    25 |    72 |   177 ||   280
Block: Other             |       |       |       |    23 ||    23
       Reflection        |       |       |       |     3 ||     3

Table legend: (Time is in decaauts)
 A = Elapsed time spent in this place.
 B = Non-inter-level travel time spent in this place.
 C = Inter-level travel time spent in this place.
 D = Time resting spent in this place.
 E = Time spent auto-exploring this place.
 F = Levels seen in this place.
 G = Mean time per level.
                   A        B        C        D        E       F      G
               +--------+--------+--------+--------+--------+-----+--------+
         Total |  15023 |  14762 |    261 |   5431 |   6635 |  10 | 1502.3 |
       Dungeon |  15023 |  14762 |    261 |   5431 |   6635 |  10 | 1502.3 |
               +--------+--------+--------+--------+--------+-----+--------+

Top non-repeatable levels by time:
     D:7: 2438 daAuts
    D:10: 2113 daAuts
     D:8: 1896 daAuts
     D:9: 1701 daAuts
     D:2: 1365 daAuts
     D:4: 1260 daAuts
     D:6: 1256 daAuts
     D:3: 1075 daAuts
     D:5: 1061 daAuts
     D:1: 855 daAuts
